 Dungeon Crawl Stone Soup version 0.32-a0-30-gefbe487952 (webtiles) character file.

Game seed: 18417889302519385454

8 shadowrider38 the Grave Robber (level 2, 20/20 HPs)
             Began as a Hill Orc Necromancer on Jan 19, 2024.
             Quit the game on level 1 of the Dungeon.
             The game lasted 00:00:38 (533 turns).

shadowrider38 the Grave Robber (HONe)                Turns: 533, Time: 00:00:38

Health: 20/20      AC:  2    Str: 10    XL:     2   Next: 8%
Magic:  4/4        EV: 12    Int: 15    God:
Gold:   0          SH:  0    Dex: 11    Spells: 3/4 levels left

rFire   . . .        (no weapon)
rCold   . . .        (no shield)
rNeg    . . .        a - +0 robe
rPois   .            (no helmet)
rElec   .            (no cloak)
rCorr   .            (no gloves)
SInv    .            (no boots)
Will    .....        (no amulet)
Stlth   ++           (no ring)
HPRegen 0.23/turn    (no ring)
MPRegen 0.09/turn

%: no passive effects
@: no status effects
A: no striking features
a: no special abilities


You were on level 1 of the Dungeon.
You visited 1 branch of the dungeon, and saw 1 of its levels.

Inventory:

Armour
 a - a +0 robe (worn)
Potions
 b - a potion of magic
 c - a potion of brilliance {unknown}


   Skills:
 + Level 1.7 Dodging
 + Level 1.8 Stealth
 + Level 1.7 Spellcasting
 + Level 4.1 Necromancy


You had 3 spell levels left.
You knew the following spells:

 Your Spells              Type           Power      Damage    Failure   Level
a - Necrotise             Necr           52%        1d6       4%          1

Your spell library contained the following spells:

 Spells                   Type           Power      Damage    Failure   Level
 Vampiric Draining        Necr           13%        2d6       13%         3
 Sting                    Conj/Alch      4%         1d3       22%         1
 Mercury Vapours          Alch/Air       2%         N/A       34%         2
 Animate Dead             Necr           13%        N/A       38%         4
 Curse of Agony           Necr           13%        N/A       75%         5
 Leda's Liquefaction      Alch/Erth      0%         N/A       92%         4
 Petrify                  Alch/Erth      1%         N/A       92%         4
 Irradiate                Conj/Alch      0%         3d11      99%         5


Dungeon Overview and Level Annotations

Branches:
Dungeon (1/15)

Altars:

Annotations:
D:1 exclusion: jackal


Message History

Okay, then.
Aiming: Necrotise (safe; 4% risk of failure)
Press: ? - help, Q - select action, (/) - cycle Shift-Dir - straight line, f - hobgoblin
Aim: a hobgoblin (asleep, chance to affect: 83%)
The hobgoblin shouts!
The hobgoblin barely resists.
Aiming: Necrotise (safe; 4% risk of failure)
Press: ? - help, Q - select action, (/) - cycle Shift-Dir - straight line, f/p - hobgoblin
Aim: a hobgoblin (chance to affect: 83%)
The hobgoblin barely resists.
A goblin comes into view. It is wielding a +0 dagger.
Aiming: Necrotise (safe; 4% risk of failure)
Press: ? - help, Q - select action, (/) - cycle Shift-Dir - straight line, f/p - hobgoblin
Aim: a hobgoblin (chance to affect: 83%)
The hobgoblin barely resists.
The goblin shouts!
Aiming: Necrotise (safe; 4% risk of failure)
Press: ? - help, Q - select action, (/) - cycle Shift-Dir - straight line, f/p - hobgoblin
Aim: a hobgoblin (chance to affect: 83%)
The hobgoblin writhes in agony.
The hobgoblin attacks as it pursues you!
The hobgoblin hits you.
The hobgoblin attacks as it pursues you!
The hobgoblin misses you.
Aiming: Necrotise (safe; 4% risk of failure)
Press: ? - help, Q - select action, (/) - cycle Shift-Dir - straight line, f/p - hobgoblin
Aim: a hobgoblin (severely wounded, chance to affect: 83%)
The hobgoblin writhes in agony.
You kill the hobgoblin!
The dead are walking!
You have reached level 2!
You hit the goblin.
The goblin is heavily wounded.
The goblin hits you with a +0 dagger.
Your hobgoblin skeleton barely misses the goblin.
You closely miss the goblin.
The goblin is heavily wounded.
The goblin hits you with a +0 dagger.
Your hobgoblin skeleton hits the goblin.
The goblin dies!
You see here a +0 dagger.
You start resting.
HP restored.
Your hobgoblin skeleton crumbles into dust!
You start resting.
Magic restored.
Level annotation: exclusion: jackal Welcome back, shadowrider38 the Hill Orc Necromancer.
Press ? for a list of commands and other information.
Are you sure you want to abandon this character and quit the game? (Confirm with "yes".)

#. #.#.##.....###.#
#.####.#.........##.#
#.#..............##.#
#.#.####.#...<...##.# .. #.#
#.........##.#
.....###.#####........##.#
..##.......# #.#.....###.#
..######.#.# #...#.### #.#
..######.#.#####@### #.#
..#......#.........# #.#
..#.############.#.# #.#
..#.#.....# #.#.# #.#
###†#.....######.#.# #.#
.............g.....## #.#
..#.#.....#######...####.########
#.#.+.....+......................
#.###.....########..##..#########


There were no monsters in sight!

Vanquished Creatures
  A giant cockroach (D:1)
  2 hobgoblins (D:1)
  A bat (D:1)
  A goblin (D:1)
  2 rats (D:1)
7 creatures vanquished.

Vanquished Creatures (collateral kills)
  A goblin (D:1)
1 creature vanquished.

Grand Total: 8 creatures vanquished

Notes
Turn   | Place    | Note
-------+----------+-------------------------------------------
     0 | D:1      | shadowrider38 the Hill Orc Necromancer began the quest for
                  | the Orb.
     0 | D:1      | Reached XP level 1. HP: 14/14 MP: 3/3
     6 | D:1      | Got Ixzent Xitu's Notes on Venom
   492 | D:1      | Reached XP level 2. HP: 20/20 MP: 0/4
   533 | D:1      | Quit the game

Illustrated notes

Levels and vault maps discovered:
D:1:      dpeg_arrival_orchard, layout_basic,
          nicolae_concentric_dashed_squares_wild

Action                     || total
---------------------------++-------
  Melee: Unarmed           ||     2
   Cast: Necrotise         ||    13
 Armour: Robe              ||     3
  Dodge: Dodged            ||     1

Table legend: (Time is in decaauts)
 A = Elapsed time spent in this place.
 B = Non-inter-level travel time spent in this place.
 C = Inter-level travel time spent in this place.
 D = Time resting spent in this place.
 E = Time spent auto-exploring this place.
 F = Levels seen in this place.
 G = Mean time per level.
                   A        B        C        D        E       F      G
               +--------+--------+--------+--------+--------+-----+--------+
         Total |    533 |    533 |      0 |    225 |    243 |   1 |  533.0 |
       Dungeon |    533 |    533 |      0 |    225 |    243 |   1 |  533.0 |
               +--------+--------+--------+--------+--------+-----+--------+

Top non-repeatable levels by time:
     D:1: 533 daAuts
